 Dungeon Crawl Stone Soup version 0.29.1-13-g9f3cf754e1 (webtiles) character file.

Game seed: 4711048096593305450

80 GigaChad the Covered (level 4, -1/40 HPs)
             Began as a Minotaur Fighter on Feb 10, 2023.
             Was a Believer of Nemelex Xobeh.
             Slain by Grinder (6 damage)
             ... on level 3 of the Dungeon.
             The game lasted 00:02:37 (1810 turns).

GigaChad the Covered (Minotaur Fighter)             Turns: 1810, Time: 00:02:38

Health: -1/40      AC:  8    Str: 22    XL:     4   Next: 18%
Magic:  3/3        EV:  9    Int:  5    God:    Nemelex Xobeh [**....]
Gold:   77         SH:  4    Dex: 10    Spells: 3/3 levels left

rFire   . . .      SeeInvis .   a - +0 war axe
rCold   . . .      Faith    .   c - +0 buckler
rNeg    . . .      Spirit   .   b - +0 scale mail
rPois   .          Reflect  .   (helmet restricted)
rElec   .          Harm     .   h - +0 cloak
rCorr   .          Rampage  .   (no gloves)
Will    .....                   (no boots)
Stlth   ..........              (no amulet)
HPRegen 0.13/turn               (no ring)
MPRegen 0.08/turn               (no ring)

@: no status effects
A: horns 2, retaliatory headbutt
a: Renounce Religion, Draw Escape, Draw Destruction, Draw Summoning


You were on level 3 of the Dungeon.
You worshipped Nemelex Xobeh.
Nemelex Xobeh was pleased with you.
You visited 1 branch of the dungeon, and saw 3 of its levels.

You collected 77 gold pieces.

Inventory:

Hand Weapons
 a - a +0 war axe (weapon)
Armour
 b - a +0 scale mail (worn)
 c - a +0 buckler (worn)
 h - a +0 cloak (worn)
Jewellery
 g - a ring of fire
Scrolls
 f - 3 scrolls of identify {unknown}
 i - 2 scrolls of teleportation {unknown}
 j - 2 scrolls of blinking
 k - a scroll of enchant armour {unknown}
 l - a scroll of amnesia {unknown}
 o - a scroll of enchant weapon {unknown}
Potions
 d - a potion of might
 e - 2 potions of invisibility {unknown}
 m - 2 potions of curing {unknown}
 n - a potion of attraction {unknown}
 p - a potion of heal wounds {unknown}


   Skills:
 + Level 4.3 Fighting
 + Level 3.2 Axes
 + Level 4.6 Armour
 + Level 4.2 Shields


You had 3 spell levels left.
You didn't know any spells.
Your spell library contained the following spells:

 Spells                   Type           Power      Damage    Failure   Level
 Sting                    Tmut/Pois      0%         1d3       87%         1
 Poisonous Vapours        Pois/Air       0%         N/A       95%         2
 Olgreb's Toxic Radiance  Pois           0%         N/A       100%        4


Dungeon Overview and Level Annotations

Branches:
Dungeon (3/15)

Altars:
Nemelex Xobeh
Uskayaw

Annotations:
D:3 Grinder


Innate Abilities, Weirdness & Mutations

You have a pair of horns on your head.
You reflexively headbutt those who attack you in melee.


Message History

No target in view!
No target in view!
No target in view!
No target in view!
You see here a jackal corpse.
Grinder is nearby!
Grinder is nearby!
No reachable target in view!
No reachable target in view!
No reachable target in view!
Grinder is nearby!
Grinder is nearby!
Grinder is nearby!
Grinder is nearby!
No reachable target in view!
Grinder drinks a potion.
Grinder seems to speed up.
An endoplasm comes into view.
Grinder gestures at you.
You suddenly lose the ability to move!
Grinder hits you.
You writhe in agony.
Grinder completely misses you. Grinder hits you.
You writhe in agony.
You can move again.
You closely miss Grinder. You block Grinder's attack.
Grinder hits you but does no damage.
You slash Grinder!
Grinder is moderately wounded.
Grinder hits you.
You writhe in agony.
Grinder hits you but does no damage. You block Grinder's attack.
You closely miss Grinder.
Grinder is moderately wounded.
You slash the endoplasm!
You kill the endoplasm!
Grinder says, "Tell me all your secrets, or I'll kill you."
Grinder hits you.
* * * LOW HITPOINT WARNING * * *
You writhe in agony.
* * * LOW HITPOINT WARNING * * *
Grinder hits you.
You die...
Your body disappears without a glow.

.§§.§.§.# #.# #.#
§≈≈.§§§≈.# #.# #.#
§§..§..... #.#
§≈≈.§§≈§.########.#
.§.§.§§≈..........#
.≈§§≈≈.≈.#.########
.≈...§...††#
≈≈._.≈§§...#
.....!5@.#.#
...........#
############


You could see Grinder (fast).

Vanquished Creatures
  3 adders (D:2)
  2 dart slugs
  4 ball pythons
  3 endoplasms
  6 hobgoblins
  7 jackals
  3 quokkas
  6 bats
  3 goblins
  6 kobolds
  5 rats
48 creatures vanquished.

Vanquished Creatures (others)
  7 plants (D:3)
7 creatures vanquished.

Grand Total: 55 creatures vanquished

Notes
Turn   | Place    | Note
-------+----------+-------------------------------------------
     0 | D:1      | GigaChad the Minotaur Fighter began the quest for the Orb.
     0 | D:1      | Reached XP level 1. HP: 19/19 MP: 0/0
    30 | D:1      | Found a faded altar of an unknown god.
    69 | D:1      | Prayed at the altar of an unknown god.
    69 | D:1      | Became a worshipper of Nemelex Xobeh the Trickster
    69 | D:1      | Reached * piety under Nemelex Xobeh
   200 | D:1      | Received a gift from Nemelex Xobeh
   209 | D:1      | Reached XP level 2. HP: 25/27 MP: 1/1
   907 | D:2      | Reached XP level 3. HP: 33/33 MP: 2/2
   989 | D:2      | Reached ** piety under Nemelex Xobeh
  1601 | D:3      | Reached XP level 4. HP: 40/40 MP: 3/3
  1793 | D:3      | Found a hide-covered altar of Uskayaw.
  1796 | D:3      | Noticed Grinder
  1804 | D:3      | Paralysed by Grinder for 4 turns
  1810 | D:3      | Slain by Grinder

Illustrated notes

Levels and vault maps discovered:
D:1:      shiori_arrival_elements, layout_basic,
          ebering_ecumenical_altar_abandoned
D:2:      layout_rooms, kennysheep_doodads
D:3:      layout_basic, mainiacjoe_overflow_large_starburst,
          nicolae_hepliaklqana_hazy_memory, kennysheep_slug_shrine, uniq_grinder

Skill      XL: |  1  2  3 |
---------------+----------+-----
Fighting       | 4 |  4.3
Shields        | 4 |  4.2
Armour         | 4 |  4.6
Axes           | 3 |  3.2

Action                   |  1- 3 |  4- 6 || total
-------------------------+-------+-------++-------
Melee: War axe           |    60 |    19 ||    79
       Headbutt          |     7 |     2 ||     9
  Use: Scroll            |     1 |       ||     1
Armor: Scale mail        |    44 |     9 ||    53
Dodge: Dodged            |    49 |     7 ||    56
Block: Buckler           |    23 |     7 ||    30
